 Dungeon Crawl Stone Soup version 0.20-a0-470-gbb038bd (webtiles) character file.

19174 Ijustatesigmund the Destroyer (level 12, -2/106 HPs)
             Began as a Naga Wizard on Jan 13, 2017.
             Was a High Priest of Cheibriados.
             Slain by a red devil
             ... wielding a +0 trident
             ... summoned by an orc high priest
              (6 damage)
             ... on level 1 of the Orcish Mines.
             The game lasted 01:21:02 (17356 turns).

Ijustatesigmund the Destroyer (Naga Wizard)        Turns: 17356, Time: 01:21:03

Health: -2/106     AC:  6    Str: 21    XL:     12   Next: 66%
Magic:  12/23      EV: 14    Int: 31    God:    Cheibriados [*****.]
Gold:   745        SH:  0    Dex: 24    Spells: 6/26 levels left

rFire  . . .     SeeInvis +     s - +5 rapier (elec)
rCold  . . .     Gourm    .     g - +0 robe (curse)
rNeg   . . .     Faith    .     (no shield)
rPois  +         Spirit   .     b - +0 hat
rElec  .         Reflect  .     u - +0 cloak
rCorr  .         Harm     .     (no gloves)
MR     +....                    (no barding)
Stlth  +++++.....               (no amulet)
                                a - ring of stealth
                                y - +5 ring of slaying

@: repel missiles, very slow
A: see invisible, deformed body, poison resistance, slowness 2, slow metabolism
1, spit poison 1, AC +4
a: Spit Poison, Bend Time, Temporal Distortion, Slouch, Step From Time, Renounce
Religion


You were on level 1 of the Orcish Mines.
You worshipped Cheibriados.
Cheibriados was extremely pleased with you.
You were not hungry.

You visited 3 branches of the dungeon, and saw 15 of its levels.

You collected 745 gold pieces.

Inventory:

Hand Weapons
 s - a +5 rapier of electrocution (weapon)
 F - a +2 eveningstar of protection
Armour
 b - a +0 hat (worn)
 g - a cursed +0 robe (worn)
 u - a +0 cloak (worn)
Jewellery
 a - a ring of stealth (right hand)
 o - an uncursed ring of fire
 y - a +5 ring of slaying (left hand)
Wands
 f - a wand of paralysis (4/24)
 k - a wand of flame (21/48)
 v - a wand of polymorph (7/24)
 z - a wand of iceblast (0/15)
 E - a wand of disintegration (0/24)
 H - a wand of disintegration (0/24)
 K - a wand of lightning (3/15)
Scrolls
 e - a scroll of blinking
 l - 6 scrolls of amnesia
 r - 6 scrolls of remove curse
 B - a scroll of fear
 G - 2 scrolls of identify
 I - a scroll of vulnerability
 J - a scroll of recharging
 L - a scroll of magic mapping
Potions
 j - 4 potions of lignification
 p - 2 potions of magic
 q - a potion of mutation
 w - 3 potions of flight
Books
 c - a book of Minor Magic

   Spells                             Type                      Level
   a - Magic Dart                     Conjuration                  1
   b - Blink                          Translocation                2
   c - Call Imp                       Summoning                    2
   d - Repel Missiles                 Charms/Air                   2
   e - Slow                           Hexes                        2
   f - Conjure Flame                  Conjuration/Fire             3
   g - Mephitic Cloud                 Conjuration/Poison/Air       3
 i - a book of Flames

   Spells                             Type                      Level
   a - Flame Tongue                   Conjuration/Fire             1
   b - Throw Flame                    Conjuration/Fire             2
   c - Conjure Flame                  Conjuration/Fire             3
   d - Inner Flame                    Hexes/Fire                   3
   e - Sticky Flame                   Conjuration/Fire             4
   f - Fireball                       Conjuration/Fire             5
Miscellaneous
 m - a box of beasts
Comestibles
 d - 8 bread rations
 h - 5 meat rations
 x - 3 beef jerkies
 D - 7 slices of pizza


   Skills:
 - Level 6.7 Fighting
 - Level 6.0 Short Blades
 - Level 5.3 Dodging
 - Level 8.3 Stealth
 - Level 7.8 Spellcasting
 - Level 8.6 Conjurations
 + Level 4.6 Hexes
   Level 1.0 Summonings
 - Level 3.2 Translocations
 - Level 4.3 Fire Magic
 - Level 4.2 Air Magic
 - Level 4.7 Poison Magic
 - Level 6.9 Invocations
 - Level 3.9 Evocations


You had 6 spell levels left.
You knew the following spells:

 Your Spells              Type           Power        Failure   Level  Hunger
a - Magic Dart            Conj           ####         1%          1    None
b - Blink                 Tloc           N/A          1%          2    None
c - Repel Missiles        Chrm/Air       ####..       2%          2    None
d - Mephitic Cloud        Conj/Pois/Air  #####...     1%          3    None
e - Conjure Flame         Conj/Fire      ######..     1%          3    None
f - Slow                  Hex            #####...     1%          2    None
g - Sticky Flame          Conj/Fire      ######..     3%          4    #......
h - Inner Flame           Hex/Fire       #####...     1%          3    None


Dungeon Overview and Level Annotations

Branches:
Dungeon (13/15)            Temple (1/1) D:6             Orc (1/2) D:10
 Vaults (0/5) D:13
   Lair: D:8-11

Altars:
Ashenzari
Cheibriados
Dithmenos
Elyvilon
Fedhas
Gozag
Hepliaklqana
Kikubaaqudgha
Makhleb
Nemelex Xobeh
Okawaru
Qazlal
Ru
Sif Muna
Trog
Uskayaw
Vehumet
Xom
Yredelemnul
Zin
The Shining One

Shops:
D:10 %


Innate Abilities, Weirdness & Mutations

You cannot wear boots.
Your serpentine skin is tough. (AC +4)
You have supernaturally acute eyesight. (SInv)
Armour fits poorly on your strangely shaped body.
Your system is resistant to poisons. (rPois)
You cover ground very slowly.
You have a slow metabolism.
You can spit poison.


Message History

You blink.
The orc barely misses you.
The orc sorcerer hits the orc with a dagger.
Evoke which item? (* to show all) (? for menu, Esc to quit)
Aiming: Lightning Bolt (will waste charges)
Press: ? - help, Shift-Dir - straight line, f/p - orc sorcerer
Aim: an orc sorcerer, wielding a dagger and wearing a robe (severely wounded, confused)
You hear a mighty clap of thunder!
The bolt of lightning hits the orc.
You kill the orc!
Cheibriados thoroughly appreciates the change of pace.
The bolt of lightning hits the orc sorcerer.
You kill the orc sorcerer!
Cheibriados appreciates the change of pace.
The sun demon disappears in a puff of smoke!
Evoking this partially-identified wand wasted a few charges.
You hear a howl!
You hear a shout! x10
The red devil barely misses you.
You fail to use your ability.
The red devil hits you from afar with a trident.
You die...

#... .... ## ..4.## ...
##. .. .....# #...###..
#.# .4..##.. ....>.
###.. #..#..# #.....##
......###4o...# ......#
......#.#44...###..#....
...$.....##o.#.....##...
#....@..#.##...# #....
#####.†o)#.....###....
#...#)####....##....
#..#### #.....#...# ...
##........# ....
##.......) ....#
##...##)# ##### ##.#####
##.#.#.


You could see an orc high priest, a chaos spawn, 2 red devils and an orc
(confused).

Vanquished Creatures
  2 two-headed ogres
  Urug (D:10)
  Sonja (D:11)
  2 unseen horrors
  A deep elf mage (D:13)
  A cyclops (D:9)
  A wolf spider (D:13)
  2 orc sorcerers (Orc:1)
  A manticore (D:13)
  2 ugly things (D:13)
  Maurice (D:11)
  2 centaur zombies
  A kobold demonologist (D:13)
  A komodo dragon (D:13)
  A yaktaur (D:13)
  A hornet (D:9)
  5 hippogriffs
  Sigmund (D:2)
  A vampire (D:12)
  13 yaks
  Eustachio (D:4)
  A wyvern (D:12)
  3 hogs (D:9)
  A human (D:9)
  2 hungry ghosts
  4 wargs
  A hell hound (D:8)
  3 water moccasins
  11 orc warriors
  A sky beast (D:7)
  2 eyes of draining
  6 ice beasts
  7 ogres
  4 phantoms
  6 centaurs
  Blork the orc (D:4)
  4 bullfrogs
  4 big kobolds
  2 wyvern skeletons
  2 scorpions
  5 wights
  5 howler monkeys
  7 crimson imps
  A bullfrog zombie (D:10)
  3 bullfrog skeletons
  11 orc priests
  Crazy Yiuf (D:2)
  A gnoll shaman (D:6)
  6 hounds
  7 jellies
  A centaur skeleton (D:4)
  Ijyb (D:2)
  4 iguanas
  10 orc wizards
  7 worker ants
  2 hound skeletons
  A howler monkey zombie (D:5)
  A worker ant zombie (D:6)
  6 adders
  6 gnolls (D:6)
  3 shadow imps
  2 adder zombies (D:9)
  An adder skeleton (D:4)
  6 dart slugs
  3 leopard geckos
  52 orcs
  7 giant cockroaches
  6 goblins
  5 hobgoblins
  7 jackals
  22 kobolds
  5 quokkas
  2 ball pythons
  8 bats
  5 frilled lizards
  5 hobgoblin zombies (D:4)
  A jackal skeleton (D:4)
  A kobold zombie (D:4)
  An orc zombie (D:4)
  A quokka skeleton (D:5)
  12 rats
348 creatures vanquished.

Vanquished Creatures (others)
  An orc (D:11)
1 creature vanquished.

Grand Total: 349 creatures vanquished

Notes
Turn   | Place    | Note
-------+----------+-------------------------------------------
     0 | D:1      | Ijustatesigmund the Naga Wizard began the quest for the Orb.
     0 | D:1      | Reached XP level 1. HP: 15/15 MP: 4/4
   253 | D:1      | Reached XP level 2. HP: 22/22 MP: 0/6
   543 | D:1      | Learned a level 2 spell: Blink
   546 | D:1      | Learned a level 2 spell: Repel Missiles
  1065 | D:1      | Reached XP level 3. HP: 28/28 MP: 0/7
  1302 | D:2      | Noticed Sigmund
  1366 | D:2      | Noticed Ijyb
  1387 | D:2      | Killed Ijyb
  1517 | D:2      | Found a sacrificial altar of Ru.
  1580 | D:3      | Reached XP level 4. HP: 36/36 MP: 6/9
  1691 | D:3      | Learned a level 3 spell: Mephitic Cloud
  2292 | D:3      | Reached skill level 1 in Poison Magic
  2356 | D:4      | Reached skill level 1 in Air Magic
  2356 | D:4      | Reached XP level 5. HP: 40/42 MP: 10/10
  2531 | D:4      | Noticed Eustachio
  2594 | D:4      | Killed Eustachio
  2594 | D:4      | Reached XP level 6. HP: 34/49 MP: 7/12
  2640 | D:4      | Found a glowing golden altar of the Shining One.
  2926 | D:4      | Noticed a phantom
  2937 | D:4      | Killed a phantom
  3001 | D:4      | Reached XP level 7. HP: 50/55 MP: 1/13
  3361 | D:4      | Noticed Blork the orc
  3381 | D:4      | Killed Blork the orc
  3676 | D:2      | Killed Sigmund
  3676 | D:2      | Reached skill level 5 in Spellcasting
  3907 | D:2      | Found a runed door.
  3911 | D:2      | Noticed Crazy Yiuf
  3918 | D:2      | Killed Crazy Yiuf
  4011 | D:5      | Entered Level 5 of the Dungeon
  4028 | D:5      | Reached skill level 1 in Short Blades
  4037 | D:5      | Reached XP level 8. HP: 23/62 MP: 1/15
  4280 | D:5      | Learned a level 3 spell: Conjure Flame
  4495 | D:5      | Reached skill level 1 in Fighting
  4495 | D:5      | Reached skill level 5 in Conjurations
  4682 | D:5      | Got a crude whip
  4836 | D:6      | Noticed a hippogriff
  5083 | D:5      | Identified the cursed +1 whip of Vauqem {vamp, rPois rN+ Int-2 Dex+2} (You found it on level 5 of the Dungeon)
  5304 | D:5      | Found a sparkling altar of Nemelex Xobeh.
  5583 | D:6      | Reached skill level 5 in Stealth
  5583 | D:6      | Reached XP level 9. HP: 74/74 MP: 11/16
  6619 | D:6      | Found a staircase to the Ecumenical Temple.
  6623 | Temple   | Entered the Ecumenical Temple
  6672 | Temple   | Became a worshipper of Cheibriados the Contemplative
  6795 | D:6      | Reached skill level 1 in Fire Magic
  6795 | D:6      | Reached skill level 1 in Invocations
  7507 | D:7      | Reached * piety under Cheibriados
  7885 | D:8      | Reached XP level 10. HP: 45/82 MP: 9/17
  8047 | D:8      | HP: 3/82 [hell hound (8)]
  8048 | D:8      | Reached ** piety under Cheibriados
  8048 | D:8      | Reached skill level 5 in Invocations
  8430 | D:7      | Learned a level 2 spell: Slow
  8719 | D:9      | Found a basalt altar of Yredelemnul.
  8814 | D:9      | Found a hazy altar of Hepliaklqana.
  8877 | D:9      | Noticed a cyclops
  8907 | D:9      | Killed a cyclops
  8920 | D:9      | Found a shimmering altar of Xom.
  8921 | D:9      | Found a hide-covered altar of Uskayaw.
  8979 | D:9      | Found a bloodstained altar of Trog.
  8982 | D:9      | Found an opulent altar of Gozag.
  8985 | D:9      | Found a deep blue altar of Sif Muna.
  9416 | D:9      | Reached skill level 5 in Short Blades
  9498 | D:10     | Entered Level 10 of the Dungeon
  9517 | D:10     | Reached *** piety under Cheibriados
  9562 | D:10     | Noticed Urug
  9570 | D:10     | Found Roywn's Food Boutique.
  9577 | D:10     | Killed Urug
  9577 | D:10     | Reached skill level 5 in Fighting
  9987 | D:10     | Noticed a two-headed ogre
 10007 | D:10     | Reached skill level 1 in Evocations
 10019 | D:10     | Reached XP level 11. HP: 44/97 MP: 7/18
 10729 | D:10     | Reached **** piety under Cheibriados
 11056 | D:10     | Found a staircase to the Orcish Mines.
 11187 | D:11     | Noticed Sonja
 11385 | D:11     | Killed Sonja
 12162 | D:11     | Noticed Maurice
 12181 | D:11     | Reached ***** piety under Cheibriados
 12210 | D:11     | Killed Maurice
 12751 | D:12     | Noticed a two-headed ogre
 12758 | D:12     | Killed a two-headed ogre
 12941 | D:12     | Noticed a six-headed hydra
 13488 | D:13     | Noticed a cyan ugly thing
 13514 | D:13     | Noticed an unseen horror
 13519 | D:13     | Killed a cyan ugly thing
 13977 | D:13     | Killed an unseen horror
 13977 | D:13     | Reached XP level 12. HP: 74/106 MP: 15/22
 15002 | D:13     | Reached skill level 5 in Dodging
 15873 | D:13     | Found a gate to the Vaults.
 15873 | D:13     | Noticed a vault guard
 15873 | D:13     | Noticed a vault guard
 15873 | D:13     | Noticed a vault guard
 15875 | D:13     | Noticed a vault guard
 15875 | D:13     | Noticed a vault guard
 15876 | D:13     | Noticed a vault guard
 15890 | D:13     | Noticed a vault guard
 16771 | D:11     | Learned a level 4 spell: Sticky Flame
 16775 | D:11     | Learned a level 3 spell: Inner Flame
 16867 | Orc:1    | Entered Level 1 of the Orcish Mines
 16884 | Orc:1    | Reached skill level 1 in Hexes
 16912 | Orc:1    | Noticed a two-headed ogre
 16948 | Orc:1    | Killed a two-headed ogre
 17337 | Orc:1    | Noticed an orc high priest
 17350 | Orc:1    | Noticed a sun demon
 17353 | Orc:1    | HP: 3/106 [sun demon[an orc high priest] (13)]
 17356 | Orc:1    | Slain by a red devil

Vault maps used:
D:1:      dpeg_arrival_erosion
D:2:      first_bread, hangedman_ru_absence, uniq_sigmund,
          uniq_crazy_yiuf_cottage, uniq_iyjb
D:4:      nicolae_tso_besieged_by_evil, kennysheep_generic_room_12,
          uniq_eustachio, uniq_blork_the_orc
D:5:      minmay_ruined_shrine
D:8:      kennysheep_seaside_town, lemuel_round_altar, minmay_lair_entry_lava,
          uniq_pikel
D:9:      nicolae_overflow_hidden_temple, lemuel_round_altar, basic_altar,
          grunt_livestock
D:10:     david_orc_1_choice, serial_shops, shop, uniq_urug
D:11:     uniq_maurice, uniq_sonja
D:13:     hangedman_cross_cluster, erik_vaults_2, small_chamber_with_monster
Temple:   dshaligram_water_room_temple

Skill      XL: |  1  2  3  4  5  6  7  8  9 10 11 12 |
---------------+-------------------------------------+-----
Conjurations   | 2 3 4 5 7 8 |  8.6
Poison Magic   | 1 2 3 4 |  4.7
Air Magic      | 1 2 3 4 |  4.2
Spellcasting   | 4 5 6 7 |  7.8
Short Blades   | 2 3 6 |  6.0
Translocations | 2 3 |  3.2
Fighting       | 2 5 6 |  6.7
Stealth        | 5 8 |  8.3
Fire Magic     | 4 |  4.3
Invocations    | 4 6 |  6.9
Evocations     | 2 3 |  3.9
Dodging        | 4 5 |  5.3
Hexes          | 4 |  4.6
Summonings     | |  1.0

Action                   |  1- 3 |  4- 6 |  7- 9 | 10-12 || total
-------------------------+-------+-------+-------+-------++-------
Melee: Unarmed           |     2 |       |       |     3 ||     5
       Club              |    12 |    17 |       |       ||    29
       Rapier            |       |    25 |   134 |   331 ||   490
 Cast: Magic Dart        |    57 |   102 |   238 |   189 ||   586
       Repel Missiles    |     1 |     1 |     4 |     2 ||     8
       Mephitic Cloud    |       |     2 |    28 |    55 ||    85
       Conjure Flame     |       |       |     6 |     4 ||    10
       Blink             |       |       |     2 |     4 ||     6
       Sticky Flame      |       |       |       |     2 ||     2
       Slow              |       |       |       |     1 ||     1
Invok: Slouch            |       |       |       |     4 ||     4
 Abil: Spit Poison       |     2 |     2 |    32 |    17 ||    53
Evoke: Wand              |       |       |     9 |    20 ||    29
  Use: Scroll            |     7 |     2 |     8 |    10 ||    27
       Potion            |       |       |     3 |     5 ||     8
 Stab: Sleeping          |       |     1 |       |    10 ||    11
       Confused          |       |       |     7 |    23 ||    30
       Paralysed         |       |       |     1 |       ||     1
       Distracted        |       |       |       |     2 ||     2
  Eat: Chunk             |     1 |     3 |    10 |     8 ||    22
       Fruit             |       |       |     1 |     7 ||     8
       Bread ration      |       |       |     2 |       ||     2
       Pizza             |       |       |     1 |       ||     1
       Beef jerky        |       |       |     1 |       ||     1
Armor: Robe              |     1 |    15 |    43 |    64 ||   123
Dodge: Dodged            |    21 |    52 |    95 |   237 ||   405
       Deflected         |     1 |     3 |     6 |    16 ||    26
